Map: Prion Terraces

Players

LilDicky

  • Race: Terran Terran
  • League: Diamond

Duma - Winner!

  • Race: Terran Terran
  • League: Diamond

VOD

http://www.twitch.tv/tumescentpie

Description

Time

  • Played on: Dec. 6, 2015, 1:30 a.m.
  • Length: 3:02
Show
View Real Time Build Order
Export as new Build Order

LilDicky Terran 

Build Orders:  

Get SALT Encoding   

  12  0:01  SCV  
  13  0:13  SCV  
  14  0:17  Supply Depot  
  14  0:25  SCV  
  15  0:29  Refinery  
  15  0:39  SCV  
  16  0:45  Barracks  
  16  0:51  SCV  
  17  1:03  SCV  
  18  1:15  SCV  
  19  1:32  Reaper  
  21  1:35  Supply Depot, Orbital Command  
  20  2:00  SCV  
  21  2:10  Reaper, Refinery  
  21  2:12  SCV  
  21  2:14  Factory  
  23  2:23  Supply Depot  
  23  2:28  Command Center  
Show
View Real Time Build Order
Export as new Build Order

Duma Terran - Winner!

Build Orders:  

Get SALT Encoding   

  12  0:01  SCV  
  13  0:13  SCV  
  14  0:25  SCV, Supply Depot  
  15  0:47  SCV  
  16  0:50  Barracks  
  16  0:59  Barracks  
  16  1:10  Barracks  
  16  1:23  Barracks  
  16  1:31  Supply Depot  
  16  1:37  Marine  
  17  1:45  Marine  
  18  1:58  Marine  
  18  2:01  Marine  
  20  2:02  Orbital Command  
  20  2:08  Marine  
  20  2:10  Marine  
  22  2:18  Marine  
  23  2:26  Marine  
  23  2:29  Marine  
  25  2:36  Marine  
  26  2:40  Marine  
  26  2:44  Marine  
Tags
 
Add a new tag
Caveats
  • Supply blocks, unpowered buildings, or Contaminate may cause inaccurate times.
  • Supply counts are checked every 10 seconds.